 Dungeon Crawl Stone Soup version 0.30-a0-883-g5ad918d77d (webtiles) character file.

Game seed: 2239747242686150588

22133 112233 the Thaumaturge (level 12, -16/54 HPs)
             Began as a Spriggan Air Elementalist on Mar 17, 2023.
             Was an Elder of Sif Muna.
             Killed by an exploding ice beast (18 damage)
             ... ignited by their inner flame
             ... in an ice cave.
             The game lasted 00:35:42 (25746 turns).

112233 the Thaumaturge (Spriggan Air Elementalist) Turns: 25746, Time: 00:35:43

Health: -16/54     AC:  3    Str:  4    XL:     12   Next: 60%
Magic:  21/30      EV: 24    Int: 22    God:    Sif Muna [****..]
Gold:   1172       SH:  0    Dex: 15    Spells: 12/38 levels left

rFire   + . .      SeeInvis +    S - staff of air
rCold   + . .      Faith    .    (shield currently unavailable)
rNeg    . . .      Spirit   .    a - +1 robe
rPois   .          Reflect  .    (helmet restricted)
rElec   +          Rampage  .    m - scarf {rC+ rF+}
rCorr   .                        (gloves unavailable)
Will    ++...                    (boots unavailable)
Stlth   +++++                    (no amulet)
HPRegen 0.29/turn                (no ring)
MPRegen 0.22/turn                (no ring)

@: very slightly contaminated, invisible, very quick
A: very small, no large weapons, unfitting armour, see invisible, speed 3
a: Renounce Religion, Channel Magic, Forget Spell, Divine Exegesis


You were in an ice cave.
You worshipped Sif Muna.
Sif Muna was greatly pleased with you.
You visited 2 branches of the dungeon, and saw 14 of its levels.
You also visited: Sewer and Ice Cave.

You collected 1172 gold pieces.

Inventory:

Hand Weapons
 u - a +1 short sword of venom
Missiles
 E - 3 throwing nets
Armour
 a - a +1 robe (worn)
 e - a +0 cloak
 m - a scarf of resistance (worn)
 s - a +0 hat
Magical Staves
 N - a staff of poison
 O - a staff of conjuration
 S - a staff of air (weapon)
Jewellery
 t - a ring of protection from fire
 y - a ring of willpower
 F - an amulet of faith
 L - a +4 ring of protection
 M - a ring of protection from cold
 P - a +4 ring of protection
 R - a ring of protection from cold
 V - a +5 ring of evasion
Wands
 H - a wand of digging (9)
 I - a wand of polymorph (5)
 Q - a wand of iceblast (3)
Scrolls
 b - 6 scrolls of identify
 c - 3 scrolls of teleportation
 d - 2 scrolls of fear
 g - 3 scrolls of immolation
 h - a scroll of vulnerability {unknown}
 k - 4 scrolls of fog
 n - 6 scrolls of enchant armour
 q - 2 scrolls of noise
 w - 2 scrolls of blinking {unknown}
 z - a scroll of amnesia {unknown}
 A - 2 scrolls of poison {unknown}
 D - 2 scrolls of enchant weapon {unknown}
 G - a scroll of magic mapping {unknown}
 U - a scroll of torment {unknown}
Potions
 f - 5 potions of degeneration
 i - 2 potions of cancellation
 j - 2 potions of curing
 l - a potion of resistance
 r - a potion of heal wounds
 x - 3 potions of might
 B - 2 potions of flight
 C - 3 potions of brilliance
 K - 2 potions of attraction
 T - a potion of mutation


   Skills:
 * Level 1.9 Fighting
 + Level 12.6 Dodging
 - Level 11.0 Stealth
 * Level 13.9 Spellcasting
 - Level 5.1 Conjurations
 * Level 11.1 Air Magic
 + Level 0.0 Invocations


You had 12 spell levels left.
You knew the following spells:

 Your Spells              Type           Power      Damage    Failure   Level
a - Shock                 Conj/Air       100%       1d9       1%          1
b - Arcjolt               Conj/Air       33%        1d43      4%          5
c - Airstrike             Air            38%        2d(6-22)  1%          4
d - Lightning Bolt        Conj/Air       33%        1d51      4%          5
e - Apportation           Tloc           30%        N/A       4%          1
f - Static Discharge      Conj/Air       100%       2-7/arc   1%          2
g - Swiftness             Air            77%        N/A       1%          3
h - Freezing Cloud        Conj/Ice/Air   28%        6-21      12%         5

Your spell library contained the following spells:

 Spells                   Type           Power      Damage    Failure   Level
 Magic Dart               Conj           100%       1d8       1%          1
 Poisonous Vapours        Pois/Air       100%       N/A       1%          2
 Searing Ray              Conj           76%        2d7       1%          2
 Vhi's Electric Charge    Tloc/Air       100%       N/A       1%          3
 Kindle Blastsparks       Fire/Tloc/Air  94%        2d17      2%          3
 Necrotise                Necr           60%        1d7       4%          1
 Sting                    Tmut/Pois      60%        1d6       4%          1
 Summon Small Mammal      Summ           60%        N/A       4%          1
 Call Canine Familiar     Summ           15%        N/A       12%         3
 Ignite Poison            Fire/Tmut/Pois 15%        N/A       12%         3
 Ozocubu's Armour         Ice            15%        N/A       12%         3
 Portal Projectile        Hex/Tloc       30%        N/A       12%         3
 Fulminant Prism          Conj/Hex       13%        3d8       14%         4
 Leda's Liquefaction      Hex/Erth       7%         N/A       38%         4
 Olgreb's Toxic Radiance  Pois           15%        N/A       38%         4
 Summon Ice Beast         Ice/Summ       15%        N/A       38%         4
 Summon Mana Viper        Hex/Summ       15%        N/A       75%         5
 Monstrous Menagerie      Summ           7%         N/A       100%        7
 Ozocubu's Refrigeration  Ice            7%         4d9       100%        7


Dungeon Overview and Level Annotations

Branches:
Dungeon (13/15)            Temple (0/1) D:5            Lair (0/5) D:10
    Orc (1/2) D:12          Sewer (visited)           IceCv (1/1)
 Vaults: D:13-14

Altars:
Nemelex Xobeh
Okawaru
Qazlal
Sif Muna
Xom

Shops:
D:12 [(

Portals:
Trove: D:13 (lose all piety)

Annotations:
D:6 3 runed translucent doors, anet's ghost, novice GnBr
D:11 exclusion: downstairs IceCv exclusion: 3 ice statues


Innate Abilities, Weirdness & Mutations

You are very small and have problems with some larger weapons.
You are too small for most types of armour.
You have supernaturally acute eyesight. (SInv)
You cover ground extremely quickly. (Speed+++)


Message History

The ice statue gestures at you. The freezing blast misses you.
Unknown command.
As you read the scroll labelled SUCIXAM PUAT, it crumbles to dust.
The creatures around you are filled with an inner flame!
It was a scroll of immolation.
You are engulfed in freezing vapours.
You resist. The ice beast misses you. x2
The ice statue gestures at you.
The shard of ice misses the ice beast.
The shard of ice hits the ice beast!
The ice beast partially resists.
The ice beast disappears in a puff of smoke!
The ice beast explodes!
The fiery explosion engulfs the ice beast!!!
The ice beast melts!
The ice beast disappears in a puff of smoke!
You hear a sizzling sound!
The fiery explosion engulfs the ice beast!!!
The ice beast melts!
The ice beast disappears in a puff of smoke!
You hear a sizzling sound!
The fiery explosion engulfs you! You resist.
* * * LOW HITPOINT WARNING * * *
You hear a sizzling sound! x2
The fiery explosion engulfs the ice beast!!!
The ice beast melts!
The ice beast disappears in a puff of smoke!
You hear a sizzling sound!
The fiery explosion engulfs the ice beast!!!!
The ice beast melts!
The ice beast disappears in a puff of smoke!
You hear a sizzling sound!
The fiery explosion engulfs the ice beast!!!
The ice beast melts!
The ice beast disappears in a puff of smoke!
You hear a sizzling sound! x2
The ice beast explodes!
You hear a sizzling sound! x5
The ice beast explodes!
The fiery explosion engulfs you!! You resist.
You die...

### ############# $!..
##8.☼.8#[((..## # .....
##......#......###
.....Y#.§§....#.......#.
.....Y8@§§..............
.....Z#.§.....#.......#.
.....###○°....#......###
)$..# ##.....#.)...## #
#### #############


You could see 3 ice statues, 2 ice beasts and a three-headed hydra simulacrum
(inner flame, unable to see you).

Vanquished Creatures
  An ice dragon (D:12)
  A boulder beetle (D:12)
  6 two-headed ogres
  2 deep elf pyromancers
  An orc knight (D:12)
  4 ugly things
  2 manticores
  A cyclops (D:13)
  2 gargoyles
  An unseen horror (D:12)
  Psyche (D:9)
  A komodo dragon (D:11)
  5 trolls
  A merfolk (D:9)
  11 yaks
  A shadow (D:12)
  5 wraiths
  7 wyverns
  3 hogs (D:9)
  A steam dragon (D:8)
  6 vampire mosquitoes
  A harpy simulacrum (IceCv)
  2 acid dragons
  4 water moccasins (D:10)
  5 orc warriors
  An ice beast (D:5)
  13 black bears
  2 wolves (D:10)
  2 ogres
  6 centaurs
  4 kobold brigands
  6 bullfrogs
  3 gnoll sergeants (D:9)
  5 scorpions
  2 cane toad simulacra (IceCv)
  2 elephant simulacra (IceCv)
  6 electric eels (D:9)
  5 gnoll boudas
  5 hounds
  A jelly (D:7)
  3 orc priests
  3 iguanas
  9 orc wizards
  A hell rat (Sewer)
  A polar bear simulacrum (IceCv)
  A wolf simulacrum (IceCv)
  27 gnolls
  6 adders
  2 river rats (Sewer)
  3 white imps
  A worm (D:5)
  2 dart slugs
  29 orcs
  4 endoplasms
  3 giant cockroaches
  4 goblins
  10 hobgoblins
  4 jackals
  16 kobolds
  3 quokkas
  9 ball pythons
  3 bats (D:1)
  11 rats
293 creatures vanquished.

Vanquished Creatures (others)
  3 fungi (D:10)
  101 plants
104 creatures vanquished.

Grand Total: 397 creatures vanquished

Notes
Turn   | Place    | Note
-------+----------+-------------------------------------------
     0 | D:1      | 112233 the Spriggan Air Elementalist began the quest for
                  | the Orb.
     0 | D:1      | Reached XP level 1. HP: 9/9 MP: 5/5
   481 | D:1      | Reached XP level 2. HP: 13/13 MP: 2/6
   793 | D:2      | Reached skill level 3 in Spellcasting
   793 | D:2      | Reached skill level 1 in Conjurations
  1292 | D:1      | Reached XP level 3. HP: 16/16 MP: 0/8
  3451 | D:3      | Found a faded altar of an unknown god.
  3674 | D:3      | Found a shimmering blue altar of Sif Muna.
  3856 | D:3      | Became a worshipper of Sif Muna the Loreminder
  3897 | D:4      | Found an iron altar of Okawaru.
  4009 | D:4      | Reached XP level 4. HP: 21/21 MP: 7/10
  4463 | D:4      | Noticed a scorpion
  4532 | D:4      | Killed a scorpion
  4533 | D:4      | Reached XP level 5. HP: 24/24 MP: 3/11
  5029 | D:5      | Entered Level 5 of the Dungeon
  5029 | D:5      | Found a staircase to the Ecumenical Temple.
  5084 | D:5      | Reached skill level 5 in Stealth
  5084 | D:5      | Reached skill level 4 in Spellcasting
  5448 | D:4      | Reached XP level 6. HP: 28/28 MP: 4/13
  5846 | D:5      | Found a glowing drain.
  5874 | Sewer    | Entered a sewer
  5875 | Sewer    | Reached * piety under Sif Muna
  6538 | D:5      | Noticed an ice beast
  6631 | D:5      | Killed an ice beast
  6632 | D:5      | Reached skill level 5 in Dodging
  6632 | D:5      | Reached XP level 7. HP: 32/32 MP: 0/15
  6954 | D:5      | Learned a level 2 spell: Static Discharge
  6959 | D:5      | Learned a level 4 spell: Airstrike
  6963 | D:5      | Learned a level 3 spell: Swiftness
  7451 | D:6      | Reached skill level 5 in Spellcasting
  7544 | D:7      | Noticed a vampire mosquito
  7544 | D:7      | Noticed a vampire mosquito
  7544 | D:7      | Noticed a vampire mosquito
  7544 | D:7      | Noticed a vampire mosquito
  8261 | D:6      | Found a runed translucent gate.
  8261 | D:6      | Found a runed translucent gate.
  8261 | D:6      | Found a runed translucent gate.
  8263 | D:6      | Noticed anet's ghost (novice GnBr)
  8264 | D:6      | Noticed a kobold demonologist
  9648 | D:6      | Reached XP level 8. HP: 36/36 MP: 7/17
  9819 | D:6      | Reached ** piety under Sif Muna
 10642 | D:7      | Reached skill level 6 in Spellcasting
 10642 | D:7      | Reached skill level 5 in Air Magic
 11407 | D:7      | Reached XP level 9. HP: 39/39 MP: 3/20
 11845 | D:7      | Found a sparkling altar of Nemelex Xobeh.
 11846 | D:7      | Found a shimmering altar of Xom.
 11850 | D:7      | Noticed an ice devil
 11850 | D:7      | Noticed a freezing wraith
 12547 | D:8      | Reached skill level 7 in Spellcasting
 13824 | D:9      | Noticed a green ugly thing
 13837 | D:9      | Reached skill level 10 in Stealth
 13867 | D:9      | Reached *** piety under Sif Muna
 13993 | D:9      | Reached skill level 8 in Spellcasting
 14216 | D:9      | Found a stormy altar of Qazlal.
 14441 | D:9      | Reached XP level 10. HP: 44/44 MP: 14/23
 14642 | D:9      | Killed a green ugly thing
 14643 | D:9      | Reached skill level 5 in Conjurations
 15618 | D:9      | Reached skill level 9 in Spellcasting
 16100 | D:9      | Noticed a two-headed ogre
 16115 | D:9      | Killed a two-headed ogre
 16116 | D:9      | Reached skill level 10 in Dodging
 16245 | D:9      | Noticed a two-headed ogre
 16251 | D:9      | Noticed a two-headed ogre
 16288 | D:9      | Killed a two-headed ogre
 16289 | D:9      | Reached skill level 10 in Spellcasting
 16430 | D:9      | Noticed Psyche
 16454 | D:9      | Killed Psyche
 16624 | D:9      | Reached XP level 11. HP: 47/47 MP: 9/26
 16851 | D:9      | Noticed a two-headed ogre
 16865 | D:9      | Killed a two-headed ogre
 16899 | D:9      | Killed a two-headed ogre
 16900 | D:9      | Reached skill level 11 in Spellcasting
 17802 | D:10     | Entered Level 10 of the Dungeon
 17803 | D:10     | Noticed a two-headed ogre
 17808 | D:10     | Killed a two-headed ogre
 18289 | D:10     | Reached **** piety under Sif Muna
 19202 | D:10     | Reached skill level 12 in Spellcasting
 19566 | D:10     | Found a staircase to the Lair.
 20155 | D:11     | Noticed a two-headed ogre
 20161 | D:11     | Killed a two-headed ogre
 20347 | D:11     | Noticed a cyan ugly thing
 20531 | D:11     | Killed a cyan ugly thing
 20532 | D:11     | Reached skill level 10 in Air Magic
 20830 | D:11     | Reached XP level 12. HP: 32/51 MP: 1/29
 21130 | D:12     | Found Ligod's Weapon Shop.
 21132 | D:12     | Found a staircase to the Orcish Mines.
 21410 | D:12     | Found Siedgh's Armour Shop.
 21448 | D:12     | Noticed a boulder beetle
 21459 | D:13     | Found a portal to a secret trove of treasure.
 21533 | D:13     | Reached skill level 13 in Spellcasting
 22255 | D:12     | Noticed a boulder beetle
 22495 | D:12     | Killed a boulder beetle
 23102 | D:12     | Noticed a boulder beetle
 23840 | D:12     | a boulder beetle changed into an ice dragon
 23840 | D:12     | Noticed an ice dragon
 23977 | D:12     | Killed an ice dragon
 23978 | D:12     | Reached skill level 1 in Fighting
 24048 | Orc:1    | Entered Level 1 of the Orcish Mines
 24048 | Orc:1    | Found a frozen archway.
 24055 | IceCv    | Entered an ice cave
 25230 | IceCv    | Learned a level 1 spell: Apportation
 25236 | IceCv    | Learned a level 5 spell: Arcjolt
 25242 | IceCv    | Learned a level 5 spell: Lightning Bolt
 25248 | IceCv    | Learned a level 5 spell: Freezing Cloud
 25746 | IceCv    | HP: 2/54 [spore (15)]
 25746 | IceCv    | Killed by an exploding ice beast... ignited by their inner
                  | flame

Illustrated notes

Levels and vault maps discovered:
D:1:      elethiomel_arrival_quiet, layout_basic, minivault_26
D:2:      layout_basic, minmay_misc_feat_hallway
D:3:      layout_loops_cross, led_sif_pool, basic_ecumenical_altar,
          serial_shops, nicolae_shop_stone
D:4:      layout_loops_ring, okawaru_trees_2
D:5:      layout_basic, minmay_temple_entry_large_hall,
          cheibrodos_sewer_entry_bend
D:6:      layout_layer_cave, gammafunk_ghost_nasty_kobolds,
          lexackson_kobold_supper
D:7:      layout_loops_ring, mainiacjoe_overflow_alcove_3,
          nicolae_ossuary_entry_false_entrances,
          hellmonk_guarded_unrand_frostbite
D:8:      layout_loops_cross, minmay_misc_feat_rugged
D:9:      kennysheep_town, serial_shops, uniq_psyche
D:10:     layout_long_grid, minmay_lair_entry_grove
D:11:     layout_loops_ring
D:12:     layout_basic, orc_david_3, nicolae_figureground_pulse
D:13:     layout_rooms, enter_trove_0, kennysheep_minor_cross, kennysheep_dice
Orc:1:    layout_caves, portal_ice_cave_entry_pillars_1
IceCv:    ice_cave_statue_garden_chambered

Skill      XL: |  1  2  3  4  5  6  7  8  9 10 11 12 |
---------------+-------------------------------------+-----
Dodging        | 3 4 5 6 7 8 10 11 12 | 12.6
Spellcasting   | 3 4 5 6 8 10 12 13 | 13.9
Conjurations   | 1 2 3 4 5 |  5.1
Air Magic      | 3 4 5 6 8 10 11 | 11.1
Stealth        | 4 5 7 8 10 11 | 11.0
Fighting       | 1 |  1.9

Action                     |  1- 3 |  4- 6 |  7- 9 | 10-12 || total
---------------------------+-------+-------+-------+-------++-------
  Melee: Unarmed           |    10 |       |       |       ||    10
         Short sword       |       |    16 |    23 |    40 ||    79
         Punch             |       |     1 |     1 |     1 ||     3
         Staff             |       |       |       |    34 ||    34
   Cast: Shock             |   124 |   148 |   274 |    21 ||   567
         Airstrike         |       |       |    61 |   326 ||   387
         Static Discharge  |       |       |     6 |     1 ||     7
         Arcjolt           |       |       |       |     8 ||     8
         Lightning Bolt    |       |       |       |     6 ||     6
  Evoke: Wand              |       |       |       |    30 ||    30
    Use: Potion            |     1 |       |     3 |    14 ||    18
         Scroll            |       |       |     2 |    15 ||    17
 Armour: Robe              |     5 |     5 |     3 |     9 ||    22
         Skin              |       |       |       |    42 ||    42
  Dodge: Dodged            |    45 |    42 |    93 |   163 ||   343

Table legend: (Time is in decaauts)
 A = Elapsed time spent in this place.
 B = Non-inter-level travel time spent in this place.
 C = Inter-level travel time spent in this place.
 D = Time resting spent in this place.
 E = Time spent auto-exploring this place.
 F = Levels seen in this place.
 G = Mean time per level.
                   A        B        C        D        E       F      G
               +--------+--------+--------+--------+--------+-----+--------+
         Total |  21500 |  20888 |    612 |   6277 |  12001 |  16 | 1343.8 |
       Dungeon |  19648 |  19036 |    612 |   4885 |  11821 |  13 | 1511.4 |
  Orcish Mines |      6 |      6 |      0 |      0 |      0 |   1 |    6.0 |
         Sewer |    216 |    216 |      0 |     38 |    144 |   1 |  216.0 |
      Ice Cave |   1628 |   1628 |      0 |   1353 |     36 |   1 | 1628.0 |
               +--------+--------+--------+--------+--------+-----+--------+

Top non-repeatable levels by time:
     D:9: 3850 daAuts
     D:6: 2331 daAuts
    D:10: 1886 daAuts
    D:12: 1793 daAuts
   IceCv: 1628 daAuts
     D:5: 1516 daAuts
     D:1: 1422 daAuts
    D:11: 1319 daAuts
     D:4: 1221 daAuts
     D:7: 1191 daAuts
     D:2: 1154 daAuts
     D:8: 1139 daAuts
     D:3: 453 daAuts
    D:13: 368 daAuts
   Sewer: 216 daAuts
